 Dungeon Crawl Stone Soup version 0.29.1-15-g9cfb28693d (webtiles) character file.

Game seed: 11170678500099648867

154 Hakkniv the Digger (level 5, -3/28 HPs)
             Began as a Gargoyle Earth Elementalist on Mar 1, 2023.
             Killed by divine providence
             ... invoked by an orc priest
              (13 damage)
             ... on level 3 of the Dungeon.
             The game lasted 00:05:36 (1864 turns).

Hakkniv the Digger (Gargoyle Earth Elementalist)    Turns: 1864, Time: 00:05:37

Health: -3/28      AC:  6    Str: 18    XL:     5   Next: 36%
Magic:  3/10       EV: 15    Int: 17    God:
Gold:   115        SH:  0    Dex: 10    Spells: 10/11 levels left

rFire   . . .      SeeInvis .   (no weapon)
rCold   . . .      Faith    .   (no shield)
rNeg    + . .      Spirit   .   a - +0 robe
rPois   ∞          Reflect  .   (no helmet)
rElec   +          Harm     .   (no cloak)
rCorr   .          Rampage  .   (no gloves)
Will    .....                   (no boots)
Stlth   ++........              (no amulet)
HPRegen 0.09/turn               p - +4 ring of evasion
MPRegen 0.12/turn               l - +6 ring of strength

@: no status effects
A: sickness immunity, AC +4, negative energy resistance 1, electricity
resistance, torment resistance 1, petrification resistance
a: no special abilities


You were on level 3 of the Dungeon.
You visited 1 branch of the dungeon, and saw 3 of its levels.

You collected 115 gold pieces.

Inventory:

Armour
 a - a +0 robe (worn)
Jewellery
 l - a +6 ring of strength (right hand)
 o - a ring of flight
 p - a +4 ring of evasion (left hand)
Wands
 n - a wand of flame (18)
Scrolls
 d - a scroll of immolation {unknown}
 f - 2 scrolls of torment {unknown}
 i - a scroll of identify {unknown}
 j - a scroll of amnesia {unknown}
 m - a scroll of silence {unknown}
Potions
 b - 2 potions of magic
 c - a potion of ambrosia {unknown}
 e - a potion of mutation {unknown}
 g - a potion of might {unknown}
 h - a potion of curing {unknown}
 k - a potion of heal wounds {unknown}


   Skills:
 - Level 1.5 Dodging
 - Level 2.1 Stealth
 * Level 3.7 Spellcasting
 - Level 0.7 Transmutations
 * Level 5.7 Earth Magic


You had 10 spell levels left.
You knew the following spells:

 Your Spells              Type           Power      Damage    Failure   Level
a - Sandblast             Erth           44%        2d11      1%          1

Your spell library contained the following spells:

 Spells                   Type           Power      Damage    Failure   Level
 Passwall                 Tmut/Erth      11%        N/A       7%          2
 Stone Arrow              Conj/Erth      24%        3d8       16%         3
 Petrify                  Tmut/Erth      14%        N/A       41%         4


Dungeon Overview and Level Annotations

Branches:
Dungeon (3/15)

Altars:

Annotations:
D:2 1 runed translucent door, Crazy Yiuf, Sigmund


Innate Abilities, Weirdness & Mutations

You are immune to sickness and miasma.
Your stone body is resilient. (AC +4)
You are immune to poison.
You resist negative energy. (rN+)
You are resistant to electric shocks. (rElec)
You are resistant to unholy torment.
You are immune to petrification.


Message History

Terence hits you with a +0 short sword.
Unknown command.
Casting: Sandblast (safe; 1% risk of failure)
Confirm with . or Enter, or press ? or * to list all spells.
Aiming: Sandblast (safe; 1% risk of failure)
Press: ? - help, Shift-Dir - straight line, f/p - Terence
Aim: Terence, wielding a +0 short sword and wearing a +0 ring mail (heavily wounded, 85% to hit)
The blast of sand hits Terence.
Terence is severely wounded.
Terence hits you with a +0 short sword. Terence says, "How do you enjoy it?"
Terence closely misses you.
Unknown command.
Casting: Sandblast (safe; 1% risk of failure)
Confirm with . or Enter, or press ? or * to list all spells.
Aiming: Sandblast (safe; 1% risk of failure)
Press: ? - help, Shift-Dir - straight line, f/p - Terence
Aim: Terence, wielding a +0 short sword and wearing a +0 ring mail (severely wounded, 85% to hit)
The blast of sand hits Terence.
Terence is severely wounded.
Terence hits you with a +0 short sword.
Casting: Sandblast (safe; 1% risk of failure)
Confirm with . or Enter, or press ? or * to list all spells.
Aiming: Sandblast (safe; 1% risk of failure)
Press: ? - help, Shift-Dir - straight line, f/p - Terence
Aim: Terence, wielding a +0 short sword and wearing a +0 ring mail (severely wounded, 85% to hit)
The blast of sand hits Terence.
Terence is almost dead.
The orc priest begins to cast a cantrip, but forgets the words!
Terence hits you with a +0 short sword. x2
Casting: Sandblast (safe; 1% risk of failure)
Confirm with . or Enter, or press ? or * to list all spells.
Aiming: Sandblast (safe; 1% risk of failure)
Press: ? - help, Shift-Dir - straight line, f/p - Terence
Aim: Terence, wielding a +0 short sword and wearing a +0 ring mail (almost dead, 85% to hit)
The blast of sand hits Terence!
You kill Terence!
The orc priest mumbles some strange prayers to Beogh against you.
Beogh smites you!
You die...

####### #.......
#.....######....###
#.....#....<.......
#.......##.#....≈≈≈
#.....#†.......§≈..
#........##.....§.♣
#.....#......##.≈.♣
##.####..#....#.≈.♣
#@# #.#.......§§.
####o#
#...#.##..≈.♣
#..o.# #..##.#
#.≈.. #h####
...##.# .≈§ .. [...
.o. ... .o .


You could see an orc priest and an orc.

Vanquished Creatures
  Terence (D:3)
  Natasha (thrice) (D:2)
  3 adders (D:2)
  A worm (D:2)
  A dart slug (D:2)
  An orc (D:3)
  6 ball pythons
  5 bats
  5 endoplasms (D:1)
  A giant cockroach (D:1)
  A goblin (D:2)
  5 hobgoblins
  2 jackals (D:3)
  3 quokkas
  4 kobolds
  5 rats
47 creatures vanquished.

Notes
Turn   | Place    | Note
-------+----------+-------------------------------------------
     0 | D:1      | Hakkniv the Gargoyle Earth Elementalist began the quest for
                  | the Orb.
     0 | D:1      | Reached XP level 1. HP: 10/10 MP: 3/3
   105 | D:1      | Reached skill level 4 in Earth Magic
   194 | D:1      | Reached XP level 2. HP: 13/15 MP: 0/5
   641 | D:1      | Reached XP level 3. HP: 19/19 MP: 3/6
   848 | D:2      | Noticed Natasha
   852 | D:2      | Killed Natasha
   912 | D:2      | Reached XP level 4. HP: 24/24 MP: 4/8
   973 | D:2      | Reached skill level 5 in Earth Magic
  1073 | D:2      | Found a runed translucent door.
  1074 | D:2      | Noticed Crazy Yiuf
  1438 | D:2      | Noticed Natasha
  1443 | D:2      | Killed Natasha
  1536 | D:2      | Noticed Natasha
  1544 | D:2      | Killed Natasha
  1545 | D:2      | Reached XP level 5. HP: 19/28 MP: 4/10
  1786 | D:2      | Noticed Sigmund
  1853 | D:3      | Noticed Terence
  1864 | D:3      | Killed Terence
  1864 | D:3      | Killed from afar by an orc priest

Illustrated notes

Levels and vault maps discovered:
D:1:      grunt_arrival_crossed_arrows, layout_basic
D:2:      layout_loops_ring, uniq_natasha, uniq_crazy_yiuf_cottage, uniq_sigmund
D:3:      layout_rooms, mainiacjoe_overflow_brackets, uniq_terence

Skill      XL: |  1  2  3  4 |
---------------+-------------+-----
Earth Magic    | 4 5 |  5.7
Spellcasting   | 3 |  3.7
Dodging        | |  1.5
Stealth        | |  2.1
Transmutations | |  0.7

Action                   |  1- 3 |  4- 6 || total
-------------------------+-------+-------++-------
Melee: Unarmed           |     1 |     1 ||     2
 Cast: Sandblast         |    37 |    36 ||    73
Armor: Robe              |    15 |       ||    15
Dodge: Dodged            |    28 |     5 ||    33
